 Dungeon Crawl Stone Soup version 0.21.1-1-g345015f (webtiles) character file.

130 nicolaieve the Chopper (level 4, 0/60 HPs)
             Began as a Minotaur Berserker on June 13, 2018.
             Was a Believer of Trog.
             Splashed by a jelly's acid (2 damage)
             ... on level 2 of the Dungeon.
             The game lasted 00:06:05 (847 turns).

nicolaieve the Chopper (Minotaur Berserker)          Turns: 847, Time: 00:06:06

Health: 0/60       AC:  4    Str: 26    XL:     4   Next: 89%
Magic:  3/3        EV:  9    Int:  4    God:    Trog [**....]
Gold:   94         SH:  0    Dex: 11    Spells: 3/3 levels left

rFire    . . .     SeeInvis .   a - +0 hand axe
rCold    . . .     Gourm    .   (no shield)
rNeg     . . .     Faith    .   e - +0 chain mail
rPois    .         Spirit   .   (helmet restricted)
rElec    .         Reflect  .   (no cloak)
rCorr    .         Harm     .   (no gloves)
MR       .....                  (no boots)
Stlth    ..........             (no amulet)
HPRegen  0.20/turn              (no ring)
MPRegen  0.08/turn              (no ring)

@: berserking, corroded, very quick
A: retaliatory headbutt, horns 2
a: Berserk, Trog's Hand, Burn Spellbooks, Renounce Religion


You were on level 2 of the Dungeon.
You worshipped Trog.
Trog was pleased with you.
You were hungry.

You visited 1 branch of the dungeon, and saw 2 of its levels.

You collected 94 gold pieces.

Inventory:

Hand Weapons
 a - a +0 hand axe (weapon)
Armour
 e - a +0 chain mail (worn)
Scrolls
 b - 2 scrolls of teleportation {unknown}
 d - a scroll of enchant weapon {unknown}
Potions
 f - a potion of berserk rage {unknown}
 h - 2 potions of heal wounds {unknown}
 i - a potion of curing
 j - a potion of ambrosia {unknown}
Comestibles
 c - 5 rations
 g - 9 chunks of flesh


   Skills:
 - Level 3.6 Fighting
 + Level 6.8 Axes
 - Level 2.4 Armour
 - Level 2.2 Dodging


You had 3 spell levels left.
You didn't know any spells.

Dungeon Overview and Level Annotations

Branches:
Dungeon (2/15)

Altars:


Innate Abilities, Weirdness & Mutations

You reflexively headbutt those who attack you in melee.
You have a pair of horns on your head.


Message History

Unknown command.
Unknown command.
You slash the jelly!
You kill the jelly!
Trog accepts your kill.
Your chain mail prevents you from hitting the ooze.
You hit the fungus. You slash the ooze!
The ooze hits the fungus.
The ooze hits you but does no damage.
The ooze hits the fungus.
The ooze hits you.
* * * LOW HITPOINT WARNING * * *
You slash the jelly!
Your hands burn!
* * * LOW HITPOINT WARNING * * *
The jelly is heavily wounded.
You slash the ooze!
You kill the ooze!
Trog accepts your kill.
You slash the fungus! You hit the ooze.
The ooze hits the fungus.
The jelly hits you but does no damage.
You slash the jelly!
Your hands burn!
You die...

####.#.....# #.####### #.#
#.# #.# #.# .# #.# ..
#########.# #.##
##########@JJ...##.#
#..####......##JP÷JPPP##.#
#..##.......#.#÷..J..##.#
#..'........#.#PPPJ..##.#
#..'........#)#JJ...÷##.#
#..'......#'#.#J.....##.#
#)(##.....#.#.#......##.#
#..###....#.#(#÷.PPP.##.#
##.#########(##.÷...)##.#


You could see 2 jellies and 7 oozes.

Vanquished Creatures
  A jelly (D:2)
  Natasha (D:2)
  3 gnolls (D:2)
  2 oozes
  A worm (D:2)
  A ball python (D:1)
  A giant cockroach (D:1)
  6 goblins
  2 hobgoblins (D:1)
  5 bats
  2 frilled lizards
  12 kobolds
  4 rats
41 creatures vanquished.

Vanquished Creatures (others)
  5 toadstools (D:2)
5 creatures vanquished.

Grand Total: 46 creatures vanquished

Notes
Turn   | Place    | Note
-------+----------+-------------------------------------------
     0 | D:1      | nicolaieve the Minotaur Berserker began the quest for the Orb.
     0 | D:1      | Reached XP level 1. HP: 19/19 MP: 0/0
    36 | D:1      | Reached skill level 4 in Axes
    49 | D:1      | Reached XP level 2. HP: 10/27 MP: 1/1
   572 | D:1      | Reached skill level 5 in Axes
   603 | D:2      | Reached XP level 3. HP: 33/33 MP: 2/2
   694 | D:2      | Noticed Natasha
   704 | D:2      | Killed Natasha
   704 | D:2      | Reached ** piety under Trog
   704 | D:2      | Reached skill level 6 in Axes
   704 | D:2      | Reached XP level 4. HP: 21/40 MP: 3/3
   846 | D:2      | HP: 2/60 [acid (3)]
   847 | D:2      | Splashed by a jelly's acid

Skill      XL: |  1  2  3 |
---------------+----------+-----
Axes           | 4 5 6 |  6.8
Fighting       | |  3.6
Armour         | |  2.4
Dodging        | |  2.2

Action                   |  1- 3 |  4- 6 || total
-------------------------+-------+-------++-------
Melee: Hand axe          |    71 |    21 ||    92
       Headbutt          |    11 |     1 ||    12
Invok: Berserk           |       |     1 ||     1
Armor: Animal skin       |     5 |       ||     5
       Chain mail        |    20 |     9 ||    29
Dodge: Dodged            |    39 |    11 ||    50
